 Dungeon Sprint DCSS version 0.26-a0-665-gefeb406119 (webtiles) character file.

Game seed: 16411224695907784356

10 rocky1 the Chopper (level 2, 25/25 HPs)
             Began as a Minotaur Gladiator on Oct 15, 2020.
             Quit the game in the Dungeon (Sprint VII: "The Pits").
             The game lasted 00:00:54 (190 turns).

rocky1 the Chopper (Minotaur Gladiator)              Turns: 190, Time: 00:00:54

Health: 25/25      AC:  3    Str: 18    XL:     2   Next: 10%
Magic:  1/1        EV: 12    Int:  5    God:
Gold:   0          SH:  0    Dex: 11    Spells: 1/1 levels left

rFire    . . .     SeeInvis .   a - +0 war axe
rCold    . . .     Faith    .   (no shield)
rNeg     . . .     Spirit   .   b - +0 leather armour
rPois    .         Reflect  .   c - +0 hat
rElec    .         Harm     .   (no cloak)
rCorr    .         Rampage  .   (no gloves)
MR       .....     NoTele   +   (no boots)
Stlth    +.........             (no amulet)
HPRegen  0.08/turn              (no ring)
MPRegen  0.07/turn              (no ring)

@: no status effects
A: retaliatory headbutt, horns 2
a: no special abilities


You were in the Dungeon.
You visited 1 branch

Inventory:

Hand Weapons
 a - a +0 war axe (weapon)
Missiles
 d - 3 throwing nets (quivered)
Armour
 b - a +0 leather armour (worn)
 c - a +0 hat (worn)
Scrolls
 j - a scroll of blinking
 l - 3 scrolls of remove curse
 m - 5 scrolls of amnesia
 n - a scroll of summoning
Potions
 e - a potion of curing
 f - a potion of heal wounds
 g - a potion of haste
 h - 4 potions of magic
 i - 3 potions of berserk rage
 k - 2 potions of invisibility


   Skills:
 - Level 2.4 Fighting
 + Level 6.3 Axes
 - Level 2.0 Throwing
 - Level 3.2 Dodging


You had one spell level left.
You didn't know any spells.
Your spell library was empty.

Dungeon Overview and Level Annotations

Branches:
Dungeon (1/1)

Altars:
Ashenzari
Cheibriados
Dithmenos
Elyvilon
Fedhas
Gozag
Hepliaklqana
Kikubaaqudgha
Makhleb
Nemelex Xobeh
Okawaru
Qazlal
Ru
Sif Muna
Trog
Uskayaw
Vehumet
Wu Jian
Xom
Yredelemnul
Zin
The Shining One
Beogh
Jiyva
Lugonu


Innate Abilities, Weirdness & Mutations

You reflexively headbutt those who attack you in melee.
You have a pair of horns on your head.


Message History

Things that are here:
a +2 mace; a +2 hand axe
Things that are here:
a +2 quarterstaff; a +2 trident
Things that are here:
a +2 falchion; a +2 dagger
There is an open door here.
You open the door.
Found five altars.
Found fourteen altars.
There is an open door to the Temple (Safe) here.
Found three altars.
Found three altars.
There is a glowing golden altar of the Shining One here.
There is a glowing silver altar of Zin here.
There is a basalt altar of Yredelemnul here.
There is an iron altar of Okawaru here.
There is a stormy altar of Qazlal here.
There is a sacrificial altar of Ru here.
Are you sure you want to abandon this character and quit the game? (Confirm with "yes".)

############
#_________.#
#______@__.#
#_______...###########++
##########'##...........
#.?(.')))'.##......#..#.
##########.##...........
........)'...........
####+#####......#..#.
#...........
####'#####++


There were no monsters in sight!

Vanquished Creatures
  A gnoll (D)
1 creature vanquished.

Vanquished Creatures (others)
  A golden eye (D)
1 creature vanquished.

Grand Total: 2 creatures vanquished

Notes
Turn   | Place    | Note
-------+----------+-------------------------------------------
     0 | D        | rocky1 the Minotaur Gladiator began the quest for the Orb.
     0 | D        | Reached XP level 1. HP: 18/18 MP: 0/0
    20 | D        | Reached skill level 6 in Axes
    20 | D        | Reached XP level 2. HP: 14/25 MP: 1/1
    30 | D        | Killed a golden eye
   179 | D        | Found a bloodstained altar of Trog.
   179 | D        | Found a shimmering blue altar of Sif Muna.
   179 | D        | Found a viscous altar of Jiyva.
   179 | D        | Found a hazy altar of Hepliaklqana.
   179 | D        | Found an opulent altar of Gozag.
   180 | D        | Found a glowing golden altar of the Shining One.
   180 | D        | Found a glowing silver altar of Zin.
   180 | D        | Found a basalt altar of Yredelemnul.
   180 | D        | Found a shimmering altar of Xom.
   180 | D        | Found an ornate altar of the Wu Jian Council.
   180 | D        | Found a sacrificial altar of Ru.
   180 | D        | Found a stormy altar of Qazlal.
   180 | D        | Found an iron altar of Okawaru.
   180 | D        | Found a sparkling altar of Nemelex Xobeh.
   180 | D        | Found a burning altar of Makhleb.
   180 | D        | Found a blossoming altar of Fedhas.
   180 | D        | Found a white marble altar of Elyvilon.
   180 | D        | Found a shadowy altar of Dithmenos.
   180 | D        | Found a snail-covered altar of Cheibriados.
   182 | D        | Found a radiant altar of Vehumet.
   182 | D        | Found a corrupted altar of Lugonu.
   182 | D        | Found a roughly hewn altar of Beogh.
   183 | D        | Found a hide-covered altar of Uskayaw.
   183 | D        | Found an ancient bone altar of Kikubaaqudgha.
   183 | D        | Found a broken altar of Ashenzari.
   190 | D        | Quit the game

Illustrated notes

Levels and vault maps discovered:
D:        pitsprint [storerooms_1, entrance_room_1, metal_vault_4, armoury_2,
          mini_pit_1, grid_room_1, main_hall_1, silver_pit, the_coven_1,
          the_vestibule_1, steel_vault_2, golden_pit, hallway_of_sentries,
          crystal_vault_3, iron_vault_2, final_vault]

Skill      XL: |  1 |
---------------+----+-----
Axes           | 6 |  6.3
Fighting       | |  2.4
Throwing       | |  2.0
Dodging        | |  3.2

Action                   || total
-------------------------++-------
Melee: War axe           ||     8
       Headbutt          ||     1
Armor: Leather armour    ||     2
Dodge: Dodged            ||     5

Table legend: (Time is in decaauts)
 A = Elapsed time spent in this place.
 B = Non-inter-level travel time spent in this place.
 C = Inter-level travel time spent in this place.
 D = Time resting spent in this place.
 E = Time spent auto-exploring this place.
 F = Levels seen in this place.
 G = Mean time per level.
                   A        B        C        D        E       F      G
               +--------+--------+--------+--------+--------+-----+--------+
         Total |    192 |    192 |      0 |    132 |      0 |   1 |  192.0 |
       Dungeon |    192 |    192 |      0 |    132 |      0 |   1 |  192.0 |
               +--------+--------+--------+--------+--------+-----+--------+

Top non-repeatable levels by time:
       D: 192 daAuts
